Map: Shadowed Jungle

Players

Demakus - Winner!

  • Race: Protoss Protoss
  • Spawn Location: 11:00

Reece - Winner!

  • Race: Zerg Zerg
  • League: Silver
  • Spawn Location: 1:00

KroG

  • Race: Zerg Zerg
  • League: Platinum
  • Spawn Location: 7:00

MASTICASESOS

  • Race: Protoss Protoss
  • League: Gold
  • Spawn Location: 5:00

VOD

Have the link to the VOD?

Description

Fake second base into full out speedling rush.

Time

  • Played on: Oct. 8, 2017, 9:49 a.m.
  • Length: 5:28
Show
View Real Time Build Order
Export as new Build Order

Demakus Protoss - Winner!

Build Orders:  

Get SALT Encoding   

  12  0:01  Probe (Chrono Boost)  
  13  0:23  Pylon, Probe (Chrono Boost)  
  14  0:34  Probe (Chrono Boost)  
  15  0:41  Gateway  
  15  0:44  Probe (Chrono Boost)  
  16  0:52  Assimilator  
  16  0:55  Probe (Chrono Boost)  
  17  1:05  Probe (Chrono Boost)  
  18  1:16  Probe (Chrono Boost), Assimilator  
  19  1:29  Cybernetics Core  
  19  1:32  Probe (Chrono Boost)  
  20  1:41  Pylon  
  20  1:43  Probe (Chrono Boost)  
  21  2:03  Nexus  
  21  2:14  Probe (Chrono Boost)  
  22  2:25  Probe (Chrono Boost)  
  23  2:37  Pylon, Probe (Chrono Boost)  
  24  2:55  Stargate  
  24  2:58  Stargate, Probe (Chrono Boost)  
  25  3:08  Probe (Chrono Boost)  
  25  3:11  Forge  
  26  3:19  Probe x2 (Chrono Boost)  
  28  3:29  Probe (Chrono Boost), Assimilator  
  28  3:30  Probe (Chrono Boost)  
  28  3:33  Assimilator  
  34  3:42  Void Ray (Chrono Boost)  
  34  3:55  Void Ray (Chrono Boost)  
  38  3:56  Probe  
  38  3:57  Probe  
  40  4:07  Probe  
  40  4:09  Probe  
  42  4:14  Photon Cannon  
  42  4:18  Probe  
  42  4:22  Probe  
  44  4:28  Probe  
  49  4:36  Void Ray (Chrono Boost)  
  49  4:44  Void Ray (Chrono Boost)  
  53  4:46  Probe  
  54  4:53  Pylon  
  54  5:09  Probe  
Show
View Real Time Build Order
Export as new Build Order

Reece Zerg - Winner!

Build Orders: Hatch First 

Get SALT Encoding   

  12  0:01  Drone  
  13  0:08  Drone  
  14  0:17  Extractor  
  14  0:19  Drone  
  15  0:23  Extractor  
  14  0:42  Overlord  
  14  0:51  Hatchery  
  14  0:55  Drone  
  14  1:00  Drone  
  15  1:04  Drone  
  15  1:09  Drone  
  17  1:31  Spawning Pool  
  16  1:34  Drone  
  17  2:09  Overlord x2  
  17  2:17  Queen  
  17  2:20  Metabolic Boost  
  20  2:22  Zergling x2  
  20  2:23  Zergling x2  
  20  2:26  Zergling x6  
  24  2:40  Zergling x2  
  24  2:41  Zergling x2  
  26  2:50  Drone  
  27  2:54  Extractor  
  26  2:59  Zergling x6  
  26  3:03  Zergling x2  
  30  3:11  Spine Crawler  
  27  3:14  Zergling x2  
  27  3:15  Zergling x2  
  30  3:20  Zergling x2  
  30  3:26  Zergling x6  
  33  3:36  Zergling x2  
  33  3:37  Zergling x2  
  28  4:10  Drone  
  28  4:11  Zergling x14  
  32  4:32  Zergling x2  
  32  4:33  Zergling x6  
  31  4:56  Zergling x2  
  31  4:57  Zergling x6  
Show
View Real Time Build Order
Export as new Build Order

KroG Zerg 

Build Orders: Pool Only 

Get SALT Encoding   

  12  0:02  Drone  
  13  0:08  Drone  
  14  0:29  Spawning Pool  
  14  0:30  Drone  
  14  0:38  Overlord  
  14  0:49  Drone, Extractor  
  14  0:54  Extractor  
  14  0:55  Drone  
  14  1:20  Queen  
  14  1:21  Roach Warren  
  14  1:22  Drone  
  16  1:26  Drone  
  17  1:34  Drone  
  17  1:36  Drone  
  19  1:44  Drone  
  20  1:54  Overlord  
  20  2:18  Roach  
  22  2:28  Roach x2  
  26  2:34  Overlord  
  26  2:36  Roach x2  
  30  2:54  Roach  
  30  2:55  Roach  
  34  3:01  Overlord  
  34  3:08  Evolution Chamber  
  33  3:21  Roach  
  33  3:22  Roach x2  
  39  3:37  Lair  
  33  4:09  Roach x4  
  27  4:50  Spore Crawler  
  26  4:57  Roach x4  
  36  5:00  Roach  
Show
View Real Time Build Order
Export as new Build Order

MASTICASESOS Protoss 

Build Orders:  

Get SALT Encoding   

  12  0:01  Probe (Chrono Boost)  
  13  0:12  Probe (Chrono Boost)  
  14  0:20  Pylon  
  14  0:22  Probe (Chrono Boost)  
  15  0:38  Probe (Chrono Boost)  
  15  0:40  Gateway  
  16  0:44  Assimilator  
  16  0:49  Probe (Chrono Boost)  
  17  0:55  Assimilator  
  17  0:59  Probe (Chrono Boost)  
  18  1:10  Probe (Chrono Boost)  
  19  1:15  Pylon  
  19  1:23  Gateway  
  19  1:32  Cybernetics Core  
  19  1:40  Cybernetics Core  
  19  1:43  Gateway  
  19  1:47  Probe (Chrono Boost)  
  20  1:58  Probe (Chrono Boost)  
  21  2:08  Probe (Chrono Boost)  
  22  2:10  Warp Gate (Chrono Boost)  
  22  2:20  Probe  
  23  2:32  Probe, Stalker  
  23  2:34  Stalker  
  28  2:44  Probe  
  28  2:50  Pylon  
  29  2:59  Robotics Facility  
  29  3:06  Gateway  
  29  3:19  Stalker  
  30  3:21  Sentry  
  32  3:40  Pylon  
  32  4:04  Stalker x2  
  32  4:05  Stalker  
  30  4:45  Sentry x2  
  34  4:49  Stalker  
  36  5:12  Stalker x2  
  36  5:13  Stalker  
Tags
 
Add a new tag
Caveats
  • Supply blocks, unpowered buildings, or Contaminate may cause inaccurate times.
  • Supply counts are checked every 10 seconds.